 Dungeon Crawl Stone Soup version 0.20.1-1-g8b1a95d (webtiles) character file.

868 pstr the Conjurer (level 8, 0/43 HPs)
             Began as a Kobold Conjurer on Nov 15, 2017.
             Slain by an orc warrior
             ... wielding a +0 flail
              (16 damage)
             ... on level 6 of the Dungeon.
             The game lasted 00:19:53 (7430 turns).

pstr the Conjurer (Kobold Conjurer)                 Turns: 7430, Time: 00:19:54

Health: 0/43       AC:  7    Str:  9    XL:     8   Next: 23%
Magic:  1/16       EV: 15    Int: 24    God:
Gold:   134        SH:  0    Dex: 15    Spells: 7/17 levels left

rFire    . . .     SeeInvis .   m - +0 short sword
rCold    . . .     Gourm    .   (shield restricted)
rNeg     . . .     Faith    +   t - +0 leather armour
rPois    .         Spirit   .   G - +0 helmet
rElec    .         Reflect  .   (no cloak)
rCorr    .         Harm     .   l - +2 pair of gloves {Str+3}
MR       +....                  (no boots)
Stlth    ++........             f - amulet of faith
Regen    0.2/turn               r - ring of protection from magic
MPRegen  0.2/turn               A - +6 ring of intelligence

@: no status effects
A: carnivore 3
a: no special abilities


You were on level 6 of the Dungeon.
You were very full.

You visited 1 branch of the dungeon, and saw 6 of its levels.
You also visited: Sewer.

You collected 134 gold pieces.

Inventory:

Hand Weapons
 m - a +0 short sword (weapon)
 y - a +1 dagger of flaming
Missiles
 g - 235 stones (quivered)
 n - 28 arrows
Armour
 a - a +0 robe
 l - a +2 pair of gloves of strength (worn)
 t - a +0 leather armour (worn)
 C - a +0 pair of gloves
 G - a +0 helmet (worn)
Jewellery
 f - an amulet of faith (around neck)
 r - a ring of protection from magic (left hand)
 s - an uncursed amulet of rage
 A - a +6 ring of intelligence (right hand)
Wands
 j - a wand of lightning (7/15)
Scrolls
 d - a scroll of identify {unknown}
 i - a scroll of enchant weapon {unknown}
 k - 2 scrolls of remove curse {unknown}
 q - a scroll of blinking {unknown}
 u - a scroll of immolation {unknown}
 v - 3 scrolls of fear {unknown}
 w - 2 scrolls of recharging {unknown}
 x - 3 scrolls of teleportation {unknown}
 B - 2 scrolls of amnesia {unknown}
Potions
 e - a potion of curing
 h - a potion of ambrosia {unknown}
 o - a potion of lignification {unknown}
 z - a potion of magic {unknown}
 E - a potion of heal wounds
Books
 b - a book of Conjurations

   Spells                             Type                      Level
   a - Magic Dart                     Conjuration                  1
   b - Searing Ray                    Conjuration                  2
   c - Dazzling Spray                 Conjuration/Hexes            3
   d - Fulminant Prism                Conjuration/Hexes            4
   e - Force Lance                    Conjuration/Translocation    4
   f - Iskenderun's Mystic Blast      Conjuration                  4
 D - a book of Cantrips

   Spells                             Type                      Level
   a - Confusing Touch                Hexes                        1
   b - Animate Skeleton               Necromancy                   1
   c - Summon Small Mammal            Summoning                    1
   d - Apportation                    Translocation                1
Comestibles
 c - 3 meat rations
 p - 2 royal jellies
 F - 2 chunks of flesh


   Skills:
 + Level 1.5 Fighting
 + Level 2.9 Short Blades
 + Level 2.4 Armour
 + Level 3.5 Dodging
 + Level 3.4 Stealth
 + Level 5.4 Spellcasting
 + Level 6.3 Conjurations


You had 7 spell levels left.
You knew the following spells:

 Your Spells              Type           Power        Failure   Level  Hunger
a - Magic Dart            Conj           ####         1%          1    None
b - Searing Ray           Conj           #####.       1%          2    None
c - Iskenderun's Mystic   Conj           #####...     9%          4    ###....
d - Confusing Touch       Hex            #.....       12%         1    None
e - Summon Small Mammal   Summ           #...         12%         1    None
f - Animate Skeleton      Necr           N/A          12%         1    None


Dungeon Overview and Level Annotations

Branches:
Dungeon (6/15)
 Temple: D:4-7

Altars:
Cheibriados

Annotations:
D:3 Terence


Innate Abilities, Weirdness & Mutations

You are small and have problems with some larger weapons.
You are carnivorous and can eat meat at any time.


Message History

Confirm with . or Enter, or press ? or * to list all spells.
Aiming: Searing Ray
Press: ? - help, Shift-Dir - straight line, f - orc
Aim: an orc, wielding a mace The searing ray hits the orc.
You kill the orc! (Press . to maintain the ray.)
The searing ray misses the orc warrior.
The orc warrior hits you with a flail!
You barely miss the orc warrior. You closely miss the orc warrior.
The orc warrior closely misses you.
Casting: Searing Ray
Confirm with . or Enter, or press ? or * to list all spells.
Aiming: Magic Dart
Press: ? - help, Shift-Dir - straight line, f - orc warrior
Aim: an orc warrior, wielding a flail and wearing a plate armour The magic dart hits the orc warrior.
The orc warrior hits you with a flail!
There is a stone staircase leading up here.
The orc warrior hits you with a flail!
You die...

#. #.# ###.# ...#
#..## #####...
.......############
.######....o@).......#
..........##########.#
.........<#
)........## ..####.#.#
#.).# #..## .....
#####)


You could see an orc warrior.

Vanquished Creatures
  2 ice beasts
  An ogre (D:4)
  A centaur (D:4)
  2 hounds
  An orc priest (D:6)
  An orc wizard (D:6)
  2 iguanas (D:4)
  Ijyb (D:5)
  2 worker ants (D:4)
  A hound skeleton (D:4)
  Robin (D:3)
  4 gnolls (D:4)
  8 adders
  2 oozes
  An adder skeleton (D:4)
  3 worms
  3 dart slugs
  2 leopard geckos
  6 orcs
  10 ball pythons
  8 bats
  10 giant cockroaches
  6 hobgoblins
  7 jackals
  A quokka (D:3)
  6 frilled lizards
  15 goblins
  12 kobolds
  17 rats
  5 plants (Sewer)
141 creatures vanquished.

Notes
Turn   | Place    | Note
-------+----------+-------------------------------------------
     0 | D:1      | pstr the Kobold Conjurer began the quest for the Orb.
     0 | D:1      | Reached XP level 1. HP: 10/10 MP: 3/3
   251 | D:1      | Reached XP level 2. HP: 15/15 MP: 1/5
   255 | D:1      | Learned a level 2 spell: Searing Ray
   730 | D:1      | Reached XP level 3. HP: 19/19 MP: 3/6
  1736 | D:2      | Reached XP level 4. HP: 23/24 MP: 1/8
  2168 | D:2      | Reached skill level 5 in Conjurations
  2885 | D:3      | Reached XP level 5. HP: 28/28 MP: 6/9
  3113 | D:3      | Found a glowing drain.
  3239 | Sewer    | Entered a sewer
  4544 | D:3      | Noticed an ice beast
  4602 | D:2      | Killed an ice beast
  4602 | D:2      | Reached skill level 1 in Short Blades
  4602 | D:2      | Reached skill level 1 in Armour
  4602 | D:2      | Reached XP level 6. HP: 33/33 MP: 0/12
  4953 | D:3      | Noticed Terence
  5236 | D:4      | Noticed an ogre
  5243 | D:4      | Killed an ogre
  5243 | D:4      | Reached XP level 7. HP: 37/37 MP: 5/13
  5346 | D:4      | Reached skill level 1 in Fighting
  5805 | D:4      | Reached skill level 6 in Conjurations
  5931 | D:4      | Reached skill level 5 in Spellcasting
  6252 | D:4      | Reached XP level 8. HP: 34/43 MP: 10/15
  6437 | D:4      | Found a snail-covered altar of Cheibriados.
  6667 | D:3      | Noticed Robin
  6671 | D:3      | Killed Robin
  6916 | D:3      | Learned a level 4 spell: Iskenderun's Mystic Blast
  6918 | D:3      | Learned a level 1 spell: Confusing Touch
  6920 | D:3      | Learned a level 1 spell: Summon Small Mammal
  6922 | D:3      | Learned a level 1 spell: Animate Skeleton
  7258 | D:4      | You fall through a shaft!
  7258 | D:5      | Entered Level 5 of the Dungeon
  7258 | D:5      | Noticed Ijyb
  7265 | D:5      | Killed Ijyb
  7430 | D:6      | Slain by an orc warrior

Skill      XL: |  1  2  3  4  5  6  7 |
---------------+----------------------+-----
Stealth        | 3 |  3.4
Conjurations   | 5 6 |  6.3
Spellcasting   | 3 4 5 |  5.4
Short Blades   | 1 2 |  2.9
Armour         | 1 2 |  2.4
Dodging        | 3 |  3.5
Fighting       | 1 |  1.5

Action                   |  1- 3 |  4- 6 |  7- 9 || total
-------------------------+-------+-------+-------++-------
Melee: Short sword       |     4 |   517 |     9 ||   530
       Unarmed           |     1 |       |       ||     1
 Cast: Magic Dart        |    55 |    46 |    13 ||   114
       Searing Ray       |    10 |    34 |    27 ||    71
       Iskenderun's Myst |       |       |     2 ||     2
       Animate Skeleton  |       |       |     2 ||     2
  Use: Potion            |       |     7 |       ||     7
  Eat: Chunk             |    12 |    14 |     6 ||    32
Armor: Robe              |     1 |       |       ||     1
       Leather armour    |       |    14 |    12 ||    26
Dodge: Dodged            |    10 |    52 |    36 ||    98
